 Dungeon Crawl Stone Soup version 0.27-a0-1078-g0d77da13b5 (webtiles) character file.

Game seed: 16405330723333318118

31607 LordDeathwing the Geomancer (level 13, -8/78 HPs)
             Began as a Gargoyle Earth Elementalist on Apr 25, 2021.
             Was a High Priest of Sif Muna.
             Killed from afar by an oklob plant (12 damage)
             ... with a splash of acid
             ... on level 4 of the Lair of Beasts on Apr 26, 2021.
             The game lasted 02:33:14 (17033 turns).

LordDeathwing the Geomancer (GrEE)                 Turns: 17033, Time: 02:33:15

Health: -8/78      AC: 22    Str: 11    XL:     13   Next: 59%
Magic:  16/21      EV: 11    Int: 32    God:    Sif Muna [*****.]
Gold:   852        SH:  0    Dex: 10    Spells: 4/23 levels left

rFire    + . .     SeeInvis .   z - staff of conjuration
rCold    + . .     Faith    .   (no shield)
rNeg     + . .     Spirit   .   r - +3 ring mail {rC+}
rPois    ∞         Reflect  .   (no helmet)
rElec    +         Harm     .   T - +1 cloak {rF+}
rCorr    .         Rampage  .   J - +2 pair of gloves {Stlth+}
Will     +....     Rnd*Rage +   f - +1 pair of boots
Stlth    +++++.....             w - amulet of Symmetry {RegenMP *Corrode Int+2 Stlth+}
HPRegen  0.23/turn              p - +6 ring of intelligence
MPRegen  0.42/turn              v - ring of willpower

@: corroded, studying Throwing
A: AC +9, negative energy resistance 1, electricity resistance, torment
resistance 1, unbreathing 1, petrification resistance, berserk 1, clever 1
a: Renounce Religion, Channel Magic, Forget Spell, Divine Exegesis


You were on level 4 of the Lair of Beasts.
You worshipped Sif Muna.
Sif Muna was extremely pleased with you.
You visited 3 branches of the dungeon, and saw 15 of its levels.
You also visited: Volcano.

You collected 852 gold pieces.

Inventory:

Hand Weapons
 E - a +3 vampiric whip
 F - a +2 demon trident of draining
 K - a +2 quarterstaff of chaos
Missiles
 b - 303 stones
 o - a throwing net
 y - 31 poisoned darts (quivered)
Armour
 e - a +1 robe of resistance
 f - a +1 pair of boots (worn)
 r - a +3 ring mail of cold resistance (worn)
 J - a +2 pair of gloves of stealth (worn)
 R - a +3 leather armour of fire resistance
 T - a +1 cloak of fire resistance (worn)
Magical Staves
 c - a staff of cold
 z - a staff of conjuration (weapon)
Jewellery
 h - a +6 ring of dexterity
 p - a +6 ring of intelligence (left hand)
 v - a ring of willpower (right hand)
 w - the amulet of Symmetry (around neck) {RegenMP *Corrode Int+2 Stlth+}
   (You found it on level 4 of the Dungeon)

   [amulet of magic regeneration]

   It increases your rate of magic regeneration.
   It affects your intelligence (+2).
   It may corrode you when you take damage.
   It makes you more stealthy.
 L - a ring of protection from cold
 M - a ring of willpower
 P - a ring of protection from cold
 Q - a +6 ring of dexterity
 Y - an amulet of the acrobat
Wands
 d - a wand of iceblast (5)
 s - a wand of polymorph (8)
 B - a wand of charming (22)
 D - a wand of acid (7)
 W - a wand of flame (9)
Scrolls
 a - a scroll of brand weapon {unknown}
 g - a scroll of acquirement {unknown}
 i - 2 scrolls of noise
 l - a scroll of immolation
 m - 2 scrolls of summoning {unknown}
 n - a scroll of enchant weapon
 q - a scroll of vulnerability
 t - 2 scrolls of enchant armour {unknown}
 u - a scroll of magic mapping {unknown}
 C - a scroll of torment {unknown}
 H - a scroll of amnesia
Potions
 j - 5 potions of curing
 k - 3 potions of might
 x - a potion of heal wounds
 A - a potion of haste {unknown}
 G - 4 potions of berserk rage {unknown}
 I - a potion of cancellation {unknown}
 O - a potion of ambrosia {unknown}
 S - a potion of resistance {unknown}
 X - a potion of flight {unknown}
 Z - 2 potions of mutation
Miscellaneous
 N - a box of beasts


   Skills:
 - Level 8.1 Fighting
 - Level 1.5(5.1) Maces & Flails
 - Level 7.8(8.0) Staves
 - Level 9.0 Throwing
 + Level 5.3 Armour
 - Level 3.0 Dodging
 - Level 10.0 Stealth
 + Level 5.6 Spellcasting
 * Level 8.4 Conjurations
 + Level 3.1 Transmutations
 * Level 13.5 Earth Magic
 + Level 5.2 Invocations
 - Level 1.0 Evocations


You had 4 spell levels left.
You knew the following spells:

 Your Spells              Type           Power      Damage    Failure   Level
a - Sandblast             Erth           100%       2d20      1%          1
d - Lee's Rapid Deconstr  Erth           38%        3d20*     1%          5
l - Lehudib's Crystal Sp  Conj/Erth      43%        10d11     100%        8
p - Passwall              Tmut/Erth      48%        N/A       1%          2
s - Stone Arrow           Conj/Erth      100%       3d13      1%          3

Your spell library contained the following spells:

 Spells                   Type           Power      Damage    Failure   Level
 Beastly Appendage        Tmut           56%        N/A       3%          1
 Petrify                  Tmut/Erth      58%        N/A       3%          4
 Wereblood                Tmut           28%        N/A       4%          2
 Animate Skeleton         Necr           16%        N/A       11%         1
 Pain                     Necr           32%        1d5       11%         1
 Corpse Rot               Necr/Air       N/A        N/A       16%         2
 Poisonous Vapours        Pois/Air       16%        N/A       16%         2
 Spider Form              Tmut/Pois      9%         N/A       17%         3
 Vampiric Draining        Necr           4%         2d6       32%         3
 Ice Form                 Ice/Tmut       18%        N/A       50%         4
 Animate Dead             Necr           4%         N/A       71%         4
 Dispel Undead            Necr           8%         3d8       71%         4
 Irradiate                Conj/Tmut      31%        3d23      26%         5
 Hydra Form               Tmut           14%        N/A       63%         5
 Agony                    Necr           8%         N/A       96%         5
 Excruciating Wounds      Necr           4%         N/A       96%         5
 Blade Hands              Tmut           14%        N/A       99%         6
 Eringya's Noxious Bog    Tmut/Pois      9%         N/A       100%        6
 Dragon Form              Tmut           14%        N/A       100%        7
 Shatter                  Erth           38%        3d30*     100%        9
 Sublimation of Blood     Necr           Unusable   N/A       N/A         2
 Statue Form              Tmut/Erth      Unusable   N/A       N/A         6

Dungeon Overview and Level Annotations

Branches:
Dungeon (10/15)            Temple (1/1) D:4            Lair (4/6) D:8
  Swamp (0/4) Lair:2        Snake (0/4) Lair:4          Orc (0/2) D:9
Volcano (visited)

Altars:
Ashenzari
Cheibriados
Dithmenos
Elyvilon
Fedhas
Gozag
Hepliaklqana
Kikubaaqudgha
Makhleb
Nemelex Xobeh
Okawaru
Qazlal
Ru
Sif Muna
Trog
Uskayaw
Vehumet
Wu Jian
Xom
Yredelemnul
Zin
The Shining One

Annotations:
D:4 exclusion: downstairs
D:8 2 transporters, 2 runed translucent doors, exclusion: orange crystal statue, fly's ghost, novice OpIE
Lair:2 exclusion: tyrant leech
Lair:4 exclusion: 4 oklob plants


Innate Abilities, Weirdness & Mutations

Your stone body is resilient. (AC +9)
You are immune to poison.
You resist negative energy. (rN+)
You are resistant to electric shocks. (rElec)
You are resistant to unholy torment.
You can survive without breathing.
You are immune to petrification.
You tend to lose your temper in combat.
Your mind is acute. (Int +2)


Message History

Sif Muna accepts your kill.
Your surroundings suddenly seem different.
Marking area around 2 oklob plants as unsafe for travelling.
Found four items.
A yak and 2 oklob plants come into view.
You see here 18 gold pieces.
You feel much better. The oklob plant spits acid at you.
The splash of acid hits you but does no damage.
The acid corrodes you!
You are splashed with acid!
The yak bellows!
Aiming: Iceblast
Press: ? - help, Shift-Dir - straight line, f - oklob plant
Aim: an oklob plant The mass of ice explodes!
The iceblast engulfs the oklob plant!
The oklob plant is lightly damaged.
The iceblast engulfs the oklob plant!
The oklob plant is moderately damaged.
The oklob plant spits acid at you.
The splash of acid hits you but does no damage.
You are splashed with acid!
Okay, then.
Casting: Lee's Rapid Deconstruction (dangerous; 1% risk of failure)
Confirm with . or Enter, or press ? or * to list all spells.
Aiming: Passwall (safe; 1% risk of failure)
Press: ? - help, Dir - move target, p - oklob plant You can't see that place.
You begin to meditate on the wall.
You continue meditating on the rock.
The oklob plant spits acid at you.
The splash of acid hits you but does no damage.
You are splashed with acid!
The oklob plant spits acid at you. The splash of acid hits you!
* * * LOW HITPOINT WARNING * * *
You are splashed with acid!
* * * LOW HITPOINT WARNING * * *
You continue meditating on the rock.
The oklob plant spits acid at you. The splash of acid hits you!
You die...

... .... #..#
####..# ###
#######......###..
#@$...P......#.#..
#Y).$?P..........#
#.PP$PP........###
#$$$(.P...##P.## #
#..$?PP..# #...###
#######..##.##....
.......# #....
#.....###....
##..>......#


You could see 4 oklob plants and a yak.

Vanquished Creatures
  A boulder beetle (Lair:4)
  6 hydras
  A centaur warrior (D:9)
  Erica (D:10)
  The ghost of PirateVox the Blocker, a journeyman GrFi of Okawaru (Lair:1)
  A two-headed ogre (D:8)
  Nergalle (Lair:4)
  4 elephants (Lair:3)
  Joseph (D:9)
  3 black mambas
  5 cane toads
  A rime drake (Lair:3)
  3 gargoyles (Volcano)
  4 komodo dragons
  A polar bear (Lair:4)
  A hornet (D:7)
  3 blink frogs (Lair:4)
  3 slime creatures (D:10)
  3 wyverns
  44 yaks
  3 basilisks
  2 steam dragons
  3 nagas (Lair:4)
  A two-headed ogre zombie (D:9)
  22 water moccasins
  4 sky beasts
  A black bear (D:3)
  An ice beast (D:6)
  6 orc warriors
  A hornet zombie (D:6)
  2 ogres (D:6)
  6 centaurs
  2 necrophages
  6 wolves
  3 phantoms (D:9)
  2 kobold brigands
  7 bullfrogs
  A gnoll sergeant (D:9)
  A scorpion (D:8)
  A wyvern skeleton (D:6)
  8 wights
  14 killer bees
  A troll zombie (D:9)
  2 howler monkeys
  4 centaur zombies
  2 jellies
  2 gnoll shamans
  4 orc priests
  Crazy Yiuf (D:6)
  A bullfrog skeleton (D:5)
  An iguana (D:8)
  7 orc wizards
  6 ogre zombies (D:9)
  14 gnolls
  4 adders
  2 shadow imps
  3 white imps
  An ufetubus (D:5)
  4 worms
  A dart slug (D:2)
  26 orcs
  6 ball pythons
  6 endoplasms
  3 giant cockroaches
  10 goblins
  8 hobgoblins
  9 jackals
  4 quokkas
  6 bats
  2 frilled lizards
  A goblin skeleton (D:9)
  2 hobgoblin skeletons (D:9)
  4 hobgoblin zombies (D:9)
  A jackal skeleton (D:4)
  14 kobolds
  5 orc skeletons (D:9)
  13 orc zombies (D:9)
  8 rats
373 creatures vanquished.

Vanquished Creatures (others)
  A bush (D:8)
  17 fungi
  55 plants
73 creatures vanquished.

Grand Total: 446 creatures vanquished

Notes
Turn   | Place    | Note
-------+----------+-------------------------------------------
     0 | D:1      | LordDeathwing the Gargoyle Earth Elementalist began the
                  | quest for the Orb.
     0 | D:1      | Reached XP level 1. HP: 10/10 MP: 3/3
   103 | D:1      | Reached skill level 1 in Transmutations
   103 | D:1      | Reached XP level 2. HP: 15/15 MP: 0/5
   236 | D:1      | Reached skill level 4 in Earth Magic
   590 | D:1      | Found a faded altar of an unknown god.
   947 | D:2      | Reached XP level 3. HP: 19/19 MP: 3/6
  1135 | D:2      | Learned a level 2 spell: Passwall
  1139 | D:2      | Learned a level 3 spell: Stone Arrow
  1597 | D:2      | Reached XP level 4. HP: 24/24 MP: 3/7
  1991 | D:3      | Noticed a black bear
  1996 | D:3      | Reached skill level 1 in Maces & Flails
  2012 | D:3      | Killed a black bear
  2013 | D:3      | Reached skill level 1 in Fighting
  2013 | D:3      | Reached skill level 1 in Conjurations
  2013 | D:3      | Reached XP level 5. HP: 7/29 MP: 1/8
  2397 | D:3      | Reached skill level 5 in Earth Magic
  2672 | D:3      | Reached XP level 6. HP: 34/34 MP: 6/9
  3333 | D:4      | Identified the amulet of Symmetry {RegenMP *Corrode Int+2
                  | Stlth+}
  3395 | D:4      | Found a staircase to the Ecumenical Temple.
  3404 | Temple   | Entered the Ecumenical Temple
  3504 | Temple   | Became a worshipper of Sif Muna the Loreminder
  4104 | D:5      | Entered Level 5 of the Dungeon
  4381 | D:5      | Noticed a necrophage
  4385 | D:5      | Killed a necrophage
  4478 | D:5      | Reached skill level 1 in Staves
  4478 | D:5      | Reached XP level 7. HP: 40/40 MP: 1/10
  4652 | D:5      | Reached skill level 6 in Earth Magic
  4737 | D:5      | Found an ancient bone altar of Kikubaaqudgha.
  4936 | D:5      | Reached XP level 8. HP: 45/45 MP: 4/11
  5267 | D:6      | Found a shadowy altar of Dithmenos.
  5342 | D:6      | Reached * piety under Sif Muna
  5459 | D:6      | Found a runed translucent door.
  5460 | D:6      | Noticed Crazy Yiuf
  5564 | D:6      | Found an ornate altar of the Wu Jian Council.
  5614 | D:6      | Reached skill level 7 in Earth Magic
  5620 | D:6      | Learned a level 5 spell: Lee's Rapid Deconstruction
  5763 | D:6      | Reached skill level 5 in Conjurations
  5858 | D:6      | Reached skill level 1 in Throwing
  5911 | D:6      | Reached skill level 5 in Stealth
  5911 | D:6      | Reached XP level 9. HP: 43/52 MP: 5/13
  6092 | D:6      | Killed Crazy Yiuf
  6139 | D:6      | Gained mutation: You tend to lose your temper in combat.
                  | [potion of mutation]
  6139 | D:6      | Gained mutation: Your mind is acute. (Int +2) [potion of
                  | mutation]
  6195 | D:7      | Reached skill level 8 in Earth Magic
  6222 | D:7      | Noticed a hornet
  6652 | D:7      | Reached ** piety under Sif Muna
  6976 | D:7      | Found a blossoming altar of Fedhas.
  6979 | D:7      | Found a sacrificial altar of Ru.
  6981 | D:7      | Found an iron altar of Okawaru.
  7359 | D:7      | Killed a hornet
  7360 | D:7      | Reached skill level 9 in Earth Magic
  7527 | D:8      | Reached skill level 5 in Fighting
  7540 | D:8      | Reached XP level 10. HP: 56/59 MP: 6/14
  7791 | D:8      | Reached skill level 5 in Throwing
  7801 | D:8      | Reached skill level 10 in Earth Magic
  7855 | D:8      | Noticed a two-headed ogre
  7862 | D:8      | Killed a two-headed ogre
  7863 | D:8      | Reached skill level 5 in Staves
  8139 | D:7      | Reached *** piety under Sif Muna
  8246 | D:8      | Found a staircase to the Lair.
  8362 | D:8      | Found a transporter.
  8474 | D:8      | Found a transporter.
  8555 | D:8      | Noticed fly's ghost (novice OpIE)
  8555 | D:8      | Noticed a moth of wrath
  8694 | D:8      | Found a runed translucent door.
  8699 | D:8      | Found the +10 tower shield of Ignorance {rN+ Int-4}
  8714 | D:8      | Found a runed translucent door.
  8722 | D:8      | Noticed an orange crystal statue
  9218 | D:9      | Noticed Joseph
  9226 | D:9      | Killed Joseph
  9227 | D:9      | Reached skill level 11 in Earth Magic
  9349 | D:9      | Reached XP level 11. HP: 66/66 MP: 2/15
  9481 | D:9      | Found a staircase to the Orcish Mines.
  9489 | D:9      | Reached skill level 1 in Armour
  9891 | D:9      | Reached **** piety under Sif Muna
 10092 | D:9      | Noticed a centaur warrior
 10098 | D:9      | Killed a centaur warrior
 10503 | D:10     | Entered Level 10 of the Dungeon
 10902 | D:10     | Noticed Erica
 10908 | D:10     | Killed Erica
 11610 | Lair:1   | Entered Level 1 of the Lair of Beasts
 11615 | Lair:1   | Found a runed translucent gate.
 11615 | Lair:1   | Found a runed translucent gate.
 11615 | Lair:1   | Found a runed translucent gate.
 11618 | Lair:1   | Noticed PirateVox's ghost (journeyman GrFi)
 11830 | Lair:1   | Reached skill level 5 in Armour
 11847 | Lair:1   | Reached ***** piety under Sif Muna
 11934 | D:8      | Reached skill level 1 in Invocations
 11944 | Lair:1   | Reached XP level 12. HP: 54/73 MP: 10/16
 12263 | D:8      | Reached skill level 12 in Earth Magic
 12294 | Lair:1   | Identified Sif Muna's Volume of Envenoming and Stones (Sif
                  | Muna gifted it to you on level 1 of the Lair of Beasts)
 12294 | Lair:1   | Received a gift from Sif Muna
 12753 | Lair:1   | Noticed a four-headed hydra
 12760 | Lair:1   | Killed a four-headed hydra
 12761 | Lair:1   | Reached skill level 1 in Evocations
 13278 | Lair:1   | Killed PirateVox's ghost
 13456 | Lair:2   | Noticed a seven-headed hydra
 13475 | Lair:2   | Found a dark tunnel.
 13496 | Volcano  | Entered a volcano
 13771 | Lair:2   | Found a staircase to the Swamp.
 13944 | Lair:2   | Found an opulent altar of Gozag.
 14577 | Lair:2   | Killed a seven-headed hydra
 14730 | Lair:3   | Noticed a five-headed hydra
 14731 | Lair:3   | Noticed a four-headed hydra
 14733 | Lair:3   | Killed a five-headed hydra
 14740 | Lair:2   | Killed a four-headed hydra
 14741 | Lair:2   | Reached XP level 13. HP: 72/78 MP: 0/20
 14826 | Lair:2   | Learned a level 8 spell: Lehudib's Crystal Spear
 15065 | Lair:3   | Reached skill level 10 in Stealth
 15147 | Lair:3   | Reached skill level 5 in Spellcasting
 15200 | Lair:3   | Reached skill level 13 in Earth Magic
 16504 | Lair:4   | Reached skill level 5 in Invocations
 16945 | Lair:4   | Found a staircase to the Snake Pit.
 16993 | Lair:4   | Noticed Nergalle
 16998 | Lair:4   | Killed Nergalle
 17033 | Lair:4   | Killed from afar by an oklob plant

Illustrated notes

Levels and vault maps discovered:
D:1:      lemuel_arrival_room, layout_rooms, hellmonk_ecumenical_altar_run_dry,
          wad_woods_river_04
D:2:      cheibrodos_greedy_goblins, layout_loops_ring
D:3:      layout_basic, minmay_box_of_dots
D:4:      layout_basic, minmay_temple_entry_antechambers,
          serial_co_window_serial, co_window_corner_a, co_window_cross_1,
          co_window_of_opportunity_a, co_window_paths_a, co_window_paths_b,
          co_window_paths_a, co_window_of_opportunity_a,
          co_window_unsneaky_path_e, co_window_corner_ca, co_window_2corner,
          co_window_unsneaky_path_c, glass_columns_c, glass_columns_b,
          glass_columns_a
D:5:      layout_basic, lemuel_doored_altar
D:6:      minmay_angry_zag, layout_gridville, kennysheep_little_box,
          lemuel_crystal_altar, minmay_manual_maat, uniq_crazy_yiuf_cottage
D:7:      layout_layer_cave, grunt_temple_overflow_diamond
D:8:      layout_loops_ring, minmay_lair_entry_grove,
          gammafunk_ghost_berserking_beasts, chequers_guarded_unrand_ignorance
D:9:      layout_grid_maze, zombieorc2_lemuel, uniq_joseph
D:10:     layout_irregular_city, kennysheep_generic_room_5, uniq_erica
Temple:   kb_temple_of_zot
Lair:1:   layout_roguey, gammafunk_ghost_split, grunt_megastairs_5,
          infiniplex_staircase_pool_2, lemuel_fruit_fields
Lair:2:   layout_cave_pods, minmay_swamp_entry_worms, basic_altar,
          nicolae_volcano_entry_hallway, minivault_24,
          chequers_serial_rivers_micro_d
Lair:3:   layout_layer_cave, minivault_27, st_stairs_11,
          infiniplex_staircase_pool
Lair:4:   layout_misc_corridors, guppyfry_snake_entry_garden,
          minmay_lair_oklob_chamber, uniq_nergalle

Skill      XL: |  1  2  3  4  5  6  7  8  9 10 11 12 13 |
---------------+----------------------------------------+-----
Transmutations | 1 2 3 |  3.1
Earth Magic    | 4 5 6 7 9 11 12 13 | 13.5
Dodging        | 2 3 |  3.0
Maces & Flails | 1 |  1.5
Fighting       | 1 2 3 5 6 7 8 |  8.1
Stealth        | 3 4 5 6 7 9 10 | 10.0
Conjurations   | 1 2 3 5 6 8 |  8.4
Staves         | 1 3 4 5 6 7 |  7.8
Throwing       | 1 4 6 8 9 |  9.0
Spellcasting   | 3 4 5 |  5.6
Armour         | 5 |  5.3
Invocations    | 1 4 5 |  5.2
Evocations     | 1 |  1.0

Action                   |  1- 3 |  4- 6 |  7- 9 | 10-12 | 13-15 || total
-------------------------+-------+-------+-------+-------+-------++-------
Melee: Dagger            |    89 |       |       |       |       ||    89
       Whip              |     5 |       |       |       |       ||     5
       Mace              |     4 |    15 |       |       |       ||    19
       Staff             |       |       |    10 |     4 |       ||    14
Throw: Dart              |       |       |     8 |     3 |     6 ||    17
 Cast: Sandblast         |    47 |    63 |    30 |   141 |    17 ||   298
       Stone Arrow       |       |    11 |    72 |   198 |    42 ||   323
       Lee's Rapid Decon |       |       |     2 |    43 |    31 ||    76
       Passwall          |       |       |       |       |     1 ||     1
Evoke: Wand              |       |       |       |       |     1 ||     1
  Use: Scroll            |       |       |     7 |     9 |     3 ||    19
       Potion            |       |       |     1 |       |     1 ||     2
 Stab: Sleeping          |       |     1 |       |       |       ||     1
Armor: Robe              |    10 |    22 |     9 |     1 |       ||    42
       Steam dragon scal |       |       |       |    12 |       ||    12
       Ring mail         |       |       |       |    67 |    14 ||    81
Dodge: Dodged            |     6 |    23 |    14 |    78 |    11 ||   132

Table legend: (Time is in decaauts)
 A = Elapsed time spent in this place.
 B = Non-inter-level travel time spent in this place.
 C = Inter-level travel time spent in this place.
 D = Time resting spent in this place.
 E = Time spent auto-exploring this place.
 F = Levels seen in this place.
 G = Mean time per level.
                   A        B        C        D        E       F      G
               +--------+--------+--------+--------+--------+-----+--------+
         Total |  17071 |  16326 |    745 |   1628 |  11211 |  16 | 1066.9 |
       Dungeon |  11700 |  11054 |    646 |    839 |   8008 |  10 | 1170.0 |
        Temple |    124 |    124 |      0 |      0 |     90 |   1 |  124.0 |
          Lair |   5032 |   4934 |     98 |    789 |   3112 |   4 | 1258.0 |
       Volcano |    213 |    213 |      0 |      0 |      0 |   1 |  213.0 |
               +--------+--------+--------+--------+--------+-----+--------+

Top non-repeatable levels by time:
  Lair:3: 1671 daAuts
  Lair:1: 1632 daAuts
     D:9: 1571 daAuts
     D:7: 1492 daAuts
     D:8: 1481 daAuts
  Lair:2: 1313 daAuts
     D:3: 1123 daAuts
     D:2: 1070 daAuts
     D:5: 1067 daAuts
    D:10: 1031 daAuts
     D:6: 997 daAuts
     D:1: 952 daAuts
     D:4: 913 daAuts
  Lair:4: 415 daAuts
 Volcano: 213 daAuts
